 Dungeon Crawl Stone Soup version 0.31-a0-881-ge136f0c47a (webtiles) character file.

Game seed: 17462453457245167727

432 Flugkiller the Frost Mage (level 7, -6/55 HPs)
             Began as a Ghoul Ice Elementalist on Oct 15, 2023.
             Was an Initiate of Gozag.
             Mangled by a gnoll
             ... wielding a +0 flail
              (12 damage)
             ... on level 4 of the Dungeon.
             The game lasted 00:05:51 (4003 turns).

Flugkiller the Frost Mage (Ghoul Ice Elementalist)  Turns: 4003, Time: 00:05:52

Health: -6/55      AC:  2    Str: 12    XL:     7   Next: 0%
Magic:  0/10       EV: 12    Int: 12    God:    Gozag
Gold:   61         SH:  0    Dex:  9    Spells: 4/11 levels left

rFire   . . .        (no weapon)
rCold   + . .        (no shield)
rNeg    + + +        a - +0 robe
rPois   ∞            (no helmet)
rElec   .            (no cloak)
rCorr   .            (no gloves)
SInv    .            (no boots)
Will    .....        (no amulet)
Stlth   ++           (no ring)
HPRegen 0.00/turn    (no ring)
MPRegen 0.12/turn

%: no passive effects
@: inhibited regen, hasted, very quick
A: claws 1, cold resistance 1, negative energy resistance 3, inhibited
regeneration, torment resistance 2, devour on kill
a: Renounce Religion, Potion Petition, Call Merchant, Bribe Branch


You were on level 4 of the Dungeon.
You worshipped Gozag.
Gozag was noncommittal.
You visited 1 branch of the dungeon, and saw 4 of its levels.
You also visited: Sewer.

You collected 117 gold pieces.
You paid 56 gold pieces to Gozag.

Inventory:

Missiles
 m - 6 poisoned darts
Armour
 a - a +0 robe (worn)
Scrolls
 c - a scroll of revelation
 e - a scroll of amnesia
 f - a scroll of vulnerability
 g - a scroll of enchant weapon {unknown}
 j - a scroll of silence {unknown}
 l - a scroll of blinking {unknown}
 o - a scroll of teleportation {unknown}
 r - a scroll of identify
Potions
 b - a potion of brilliance {unknown}
 d - 3 potions of might
 h - 2 potions of haste
 i - 2 potions of heal wounds {unknown}
 k - 2 potions of degeneration {unknown}
 n - a potion of resistance {unknown}
 p - a potion of invisibility {unknown}


   Skills:
 - Level 2.0 Fighting
 - Level 1.7 Dodging
 - Level 2.1 Stealth
 + Level 2.9 Spellcasting
 - Level 8.0 Ice Magic


You had 4 spell levels left.
You knew the following spells:

 Your Spells              Type           Power      Damage    Failure   Level
a - Freeze                Ice            80%        1d9       1%          1
b - Frozen Ramparts       Ice            40%        1d7       2%          3
c - Ozocubu's Armour      Ice            20%        N/A       2%          3

Your spell library contained the following spells:

 Spells                   Type           Power      Damage    Failure   Level
 Necrotise                Necr           4%         1d4       26%         1
 Summon Ice Beast         Ice/Summ       11%        N/A       43%         4
 Vampiric Draining        Necr           1%         2d6       58%         3
 Agony                    Necr           1%         N/A       100%        5


Dungeon Overview and Level Annotations

Branches:
Dungeon (4/15) Zot: 20875   Sewer (visited)
 Temple: D:4-7

Altars:
Gozag

Shops:
D:3 !


Innate Abilities, Weirdness & Mutations

You are immune to poison.
You have sharp fingernails.
Your flesh is cold resistant. (rC+)
You are immune to negative energy. (rN+++)
You do not regenerate when monsters are visible.
You are immune to unholy pain and torment.
You thrive by killing the living.


Message History

The wall freezes the gnoll but does no damage.
Casting: Freeze (safe; 1% risk of failure)
Confirm with . or Enter, or press ? or * to list all spells.
Aiming: Freeze (safe; 1% risk of failure)
Press: ? - help, Shift-Dir - straight line, f/p - gnoll
Aim: a gnoll, wielding a +0 club and quivering stones (severely wounded)
You freeze the gnoll.
You kill the gnoll!
The wall freezes the gnoll but does no damage.
The wall freezes the gnoll.
Casting: Freeze (safe; 1% risk of failure)
Confirm with . or Enter, or press ? or * to list all spells.
Aiming: Freeze (safe; 1% risk of failure)
Press: ? - help, Shift-Dir - straight line, f - gnoll
Aim: a gnoll, wielding a +0 whip (lightly wounded)
You freeze the gnoll.
The gnoll is moderately wounded.
The wall freezes the gnoll.
The gnoll closely misses you.
Casting: Freeze (safe; 1% risk of failure)
Confirm with . or Enter, or press ? or * to list all spells.
Aiming: Freeze (safe; 1% risk of failure)
Press: ? - help, Shift-Dir - straight line, f/p - gnoll
Aim: a gnoll, wielding a +0 whip (moderately wounded)
You freeze the gnoll.
The gnoll is almost dead.
The frozen ramparts melt away.
The gnoll hits you with a +0 flail. The gnoll barely misses you.
Casting: Freeze (safe; 1% risk of failure)
Confirm with . or Enter, or press ? or * to list all spells.
Aiming: Freeze (safe; 1% risk of failure)
Press: ? - help, Shift-Dir - straight line, f/p - gnoll
Aim: a gnoll, wielding a +0 whip (almost dead)
You miscast Freeze.
You are very lightly contaminated with residual magic.
Nothing appears to happen.
The gnoll closely misses you. The gnoll misses you.
Casting: Freeze (safe; 1% risk of failure)
Confirm with . or Enter, or press ? or * to list all spells.
Aiming: Freeze (safe; 1% risk of failure)
Press: ? - help, Shift-Dir - straight line, f/p - gnoll
Aim: a gnoll, wielding a +0 whip (almost dead)
You freeze the gnoll!
You kill the gnoll!
The gnoll is distracted by your dazzling golden aura.
You have reached level 7!
The gnoll shouts!
You scratch the gnoll but do no damage.
The gnoll is no longer distracted by gold.
The gnoll is lightly wounded.
The gnoll hits you with a +0 flail.
You scratch the gnoll but do no damage.
The gnoll is lightly wounded.
The gnoll hits you with a +0 flail!
You barely miss the gnoll.
The gnoll is lightly wounded.
The gnoll barely misses you.
Casting: Freeze (safe; 1% risk of failure)
Confirm with . or Enter, or press ? or * to list all spells.
Aiming: Freeze (safe; 1% risk of failure)
Press: ? - help, Shift-Dir - straight line, f - gnoll
Aim: a gnoll, wielding a +0 flail (lightly wounded)
You freeze the gnoll!
The gnoll is severely wounded.
The gnoll hits you with a +0 flail.
You scratch the gnoll.
The gnoll is severely wounded.
The gnoll completely misses you.
Your magical contamination has completely faded away.
You scratch the gnoll but do no damage.
The gnoll is severely wounded.
The gnoll hits you with a +0 flail.
You barely miss the gnoll.
The gnoll is severely wounded.
The gnoll barely misses you.
You scratch the gnoll but do no damage.
The gnoll is severely wounded.
The gnoll barely misses you.
You closely miss the gnoll.
The gnoll is severely wounded.
The gnoll closely misses you.
Casting: Freeze (safe; 1% risk of failure)
Confirm with . or Enter, or press ? or * to list all spells.
Aiming: Freeze (safe; 1% risk of failure)
Press: ? - help, Shift-Dir - straight line, f/p - gnoll
Aim: a gnoll, wielding a +0 flail (severely wounded)
You freeze the gnoll.
The gnoll is almost dead.
The gnoll hits you with a +0 flail!
* * * LOW HITPOINT WARNING * * *
Unknown command.
You scratch the gnoll.
The gnoll is almost dead.
The gnoll hits you with a +0 flail!
* * * LOW HITPOINT WARNING * * *
Unknown command.
You aren't carrying any items that you can evoke.
Unknown command.
Okay, then.
You feel yourself speed up. The gnoll hits you with a +0 flail!
You die...
Your body crumbles into a pile of gold.

................
...............>.
#................
#...............
#............#......
#............#.....# .
#......<....##.....# ..
#...........#....... ...
#....$@.....+.......
....#....g......#......)
.........##.....#.......
........................
#............##########.
#............#
...##...g....#
##......g.####
.........#


You could see a gnoll.

Vanquished Creatures
  4 jellies (Sewer)
  A sleepcap (D:3)
  Jessica (D:3)
  Terence (D:3)
  6 gnolls
  6 adders
  4 river rats (Sewer)
  A worm (D:3)
  2 dart slugs
  6 ball pythons
  2 bats (D:1)
  12 endoplasms
  2 giant cockroaches (Sewer)
  4 goblins
  4 hobgoblins
  2 jackals (D:1)
  9 kobolds
  4 quokkas
  13 frilled lizards
  11 rats
95 creatures vanquished.

Notes
Turn   | Place    | Note
-------+----------+-------------------------------------------
     0 | D:1      | Flugkiller the Ghoul Ice Elementalist began the quest for
                  | the Orb.
     0 | D:1      | Reached XP level 1. HP: 14/14 MP: 2/2
   244 | D:1      | Reached XP level 2. HP: 20/20 MP: 2/4
   479 | D:1      | Reached skill level 5 in Ice Magic
   774 | D:1      | Reached XP level 3. HP: 26/26 MP: 3/5
   977 | D:1      | Learned a level 3 spell: Frozen Ramparts
  1510 | D:2      | Reached XP level 4. HP: 33/33 MP: 1/6
  1561 | D:2      | Learned a level 3 spell: Ozocubu's Armour
  1711 | D:2      | Reached skill level 6 in Ice Magic
  1977 | D:3      | Noticed Terence
  1989 | D:3      | Killed Terence
  1990 | D:3      | Reached skill level 1 in Fighting
  2076 | D:3      | Found a glowing drain.
  2114 | Sewer    | Entered a sewer
  2142 | Sewer    | Reached XP level 5. HP: 13/40 MP: 1/7
  2381 | Sewer    | HP: 2/40 [adder (3)]
  2552 | Sewer    | Found a viscous altar of Jiyva.
  2560 | Sewer    | Reached skill level 7 in Ice Magic
  2745 | Sewer    | Reached XP level 6. HP: 47/47 MP: 2/8
  3136 | D:3      | Noticed Jessica
  3146 | D:3      | Killed Jessica
  3147 | D:3      | Reached skill level 8 in Ice Magic
  3410 | D:3      | Found Gidghiuf's Distillery.
  3633 | D:3      | Found an opulent altar of Gozag.
  3862 | D:3      | Became a worshipper of Gozag Ym Sagoz the Greedy
  3992 | D:4      | Reached XP level 7. HP: 39/55 MP: 1/10
  4003 | D:4      | Mangled by a gnoll

Illustrated notes

Levels and vault maps discovered:
D:1:      amcnicky_arrival_gap_in_the_tavern_cellar, layout_loops_corners,
          minmay_lizard_pond
D:2:      layout_rooms
D:3:      layout_loops_cross, grunt_gozag_breadcrumbs, portal_sewer_entry_d,
          serial_shops, shop, uniq_terence, uniq_jessica
D:4:      minmay_bubble_buster, layout_basic, gammafunk_ghost_gnarly_gnolls,
          uniq_crazy_yiuf_cottage

Skill      XL: |  1  2  3  4  5  6 |
---------------+-------------------+-----
Spellcasting   | 2 |  2.9
Ice Magic      | 5 6 7 8 |  8.0
Fighting       | 1 2 |  2.0
Dodging        | |  1.7
Stealth        | |  2.1

Action                     |  1- 3 |  4- 6 |  7- 9 || total
---------------------------+-------+-------+-------++-------
  Melee: Unarmed           |    35 |    45 |     9 ||    89
         Punch             |       |     1 |       ||     1
   Cast: Freeze            |    59 |    66 |     2 ||   127
         Frozen Ramparts   |       |    14 |       ||    14
    Use: Scroll            |     3 |     3 |       ||     6
         Potion            |       |     2 |     1 ||     3
 Armour: Robe              |    32 |    67 |     7 ||   106
  Dodge: Dodged            |    50 |    63 |     5 ||   118

Table legend: (Time is in decaauts)
 A = Elapsed time spent in this place.
 B = Non-inter-level travel time spent in this place.
 C = Inter-level travel time spent in this place.
 D = Time resting spent in this place.
 E = Time spent auto-exploring this place.
 F = Levels seen in this place.
 G = Mean time per level.
                   A        B        C        D        E       F      G
               +--------+--------+--------+--------+--------+-----+--------+
         Total |   4040 |   3839 |    201 |   1136 |   1812 |   5 |  808.0 |
       Dungeon |   3123 |   2922 |    201 |    548 |   1708 |   4 |  780.8 |
         Sewer |    917 |    917 |      0 |    588 |    104 |   1 |  917.0 |
               +--------+--------+--------+--------+--------+-----+--------+

Top non-repeatable levels by time:
     D:1: 1316 daAuts
     D:3: 1094 daAuts
   Sewer: 917 daAuts
     D:2: 659 daAuts
     D:4: 53 daAuts
